 Dungeon Crawl Stone Soup version 0.27.0-1-g7a089689b8 (webtiles) character file.

Game seed: 2148222835463878249

64 Amplified the Magician (level 3, -1/28 HPs)
             Began as a Mummy Warper on Aug 13, 2021.
             Slain by an adder (3 damage)
             ... on level 4 of the Dungeon.
             The game lasted 00:03:47 (2382 turns).

Amplified the Magician (Mummy Warper)               Turns: 2382, Time: 00:03:48

Health: -1/28      AC:  5    Str: 14    XL:     3   Next: 91%
Magic:  4/8        EV: 15    Int: 12    God:
Gold:   119        SH:  0    Dex: 12    Spells: 5/9 levels left

rFire    x . .     SeeInvis .   a - +0 spear
rCold    + + .     Faith    .   (no shield)
rNeg     + + +     Spirit   .   b - +1 leather armour
rPois    ∞         Reflect  .   i - +0 helmet
rElec    .         Harm     .   (no cloak)
rCorr    .         Rampage  .   (no gloves)
Will     .....                  (no boots)
Stlth    +.........             (no amulet)
HPRegen  0.09/turn              e - ring of protection from cold
MPRegen  0.11/turn              j - +4 ring of evasion

@: no status effects
A: cold resistance 1, negative energy resistance 3, torment resistance 2, heat
vulnerability 1, no potions
a: no special abilities


You were on level 4 of the Dungeon.
You visited 1 branch of the dungeon, and saw 5 of its levels.

You collected 119 gold pieces.

Inventory:

Hand Weapons
 a - a +0 spear (weapon)
Missiles
 f - 9 poisoned darts (quivered)
Armour
 b - a +1 leather armour (worn)
 i - a +0 helmet (worn)
Jewellery
 c - a +6 ring of strength
 e - a ring of protection from cold (left hand)
 j - a +4 ring of evasion (right hand)
Scrolls
 g - a scroll of vulnerability
 h - 3 scrolls of identify


   Skills:
 * Level 2.6 Fighting
 * Level 2.2 Polearms
 - Level 0.7 Throwing
 * Level 1.0 Armour
 - Level 2.0 Dodging
 * Level 3.6 Spellcasting
 - Level 2.4 Translocations


You had 5 spell levels left.
You knew the following spells:

 Your Spells              Type           Power      Damage    Failure   Level
a - Blink                 Tloc           N/A        N/A       16%         2
b - Static Discharge      Conj/Air       2%         N/A       41%         2

Your spell library contained the following spells:

 Spells                   Type           Power      Damage    Failure   Level
 Gell's Gravitas          Tloc           3%         N/A       32%         3
 Lesser Beckoning         Tloc           3%         N/A       32%         3
 Teleport Other           Tloc           7%         N/A       32%         3
 Inner Flame              Hex/Fire       2%         N/A       65%         3
 Cause Fear               Hex            1%         N/A       96%         4
 Manifold Assault         Tloc           7%         N/A       96%         5
 Lightning Bolt           Conj/Air       1%         1d12      100%        5
 Discord                  Hex            1%         N/A       100%        8
 Maxwell's Capacitive Co  Air            1%         ∞         100%        8


Dungeon Overview and Level Annotations

Branches:
Dungeon (5/15)
 Temple: D:4-7

Altars:
Elyvilon
Hepliaklqana
Nemelex Xobeh
Okawaru
Uskayaw
Yredelemnul

Shops:
D:3 :

Annotations:
D:2 Sigmund


Innate Abilities, Weirdness & Mutations

You are immune to poison.
Your flesh is cold resistant. (rC+)
You are immune to negative energy. (rN+++)
You are immune to unholy pain and torment.
You are vulnerable to heat. (rF-)
You do not drink.


Message History

The boomerang of dispersal closely misses the adder.
The adder bites you but does no damage. The adder barely misses you.
Unknown command.
Unknown command.
You hit the adder.
The adder is heavily wounded.
The adder completely misses you.
You miss the adder.
The adder is moderately wounded.
The adder bites you. The adder barely misses you.
You hit the adder.
The adder is heavily wounded.
The adder closely misses you.
You closely miss the adder.
The adder is heavily wounded.
The adder bites you.
* * * LOW HITPOINT WARNING * * *
You miss the adder.
The adder is heavily wounded.
The adder misses you.
Unknown command.
You hit the adder.
The adder is almost dead.
The adder barely misses you. The adder bites you.
* * * LOW HITPOINT WARNING * * *
Throw: boomerang (disperse)
Press: ? - help, Q - select action, (/) - cycle Shift-Dir - straight line, f/p - adder
Aim: an adder (almost dead, 38% to hit)
You throw a boomerang of dispersal.
The boomerang of dispersal closely misses the adder.
The adder bites you.
* * * LOW HITPOINT WARNING * * *
Unknown command.
Throw: 10 darts (poison)
Press: ? - help, Q - select action, (/) - cycle Shift-Dir - straight line, f/p - adder
Aim: an adder (almost dead, 38% to hit)
You throw a poisoned dart.
The poisoned dart closely misses the adder.
The adder misses you. The adder bites you.
You die...

#.### #...
#..# #..
###..# ..
..#..#######
.#
#.#>........
.
#.##........
.
#.##........
##
#.@S.....(..
# #.
#####..)....
#.## .......
#... .......
#... .......
#... #####+#
#.## #. #


You could see an adder.

Vanquished Creatures
  2 adders
  A dart slug (D:2)
  An orc (D:3)
  4 bats
  5 endoplasms
  2 giant cockroaches
  3 goblins
  5 hobgoblins
  3 quokkas
  3 ball pythons
  3 frilled lizards
  4 kobolds
  4 rats
40 creatures vanquished.

Vanquished Creatures (others)
  2 fungi (D:2)
  4 plants (D:2)
6 creatures vanquished.

Grand Total: 46 creatures vanquished

Notes
Turn   | Place    | Note
-------+----------+-------------------------------------------
     0 | D:1      | Amplified the Mummy Warper began the quest for the Orb.
     0 | D:1      | Reached XP level 1. HP: 16/16 MP: 4/4
   271 | D:1      | Reached skill level 3 in Spellcasting
   271 | D:1      | Reached XP level 2. HP: 22/22 MP: 6/6
   333 | D:1      | Learned a level 2 spell: Blink
  1023 | D:2      | Noticed Sigmund
  1114 | D:2      | Reached XP level 3. HP: 27/28 MP: 7/7
  1225 | D:3      | Learned a level 2 spell: Static Discharge
  1257 | D:3      | Found Backup's Book Boutique.
  1815 | D:4      | Noticed an ogre
  2008 | D:4      | Found an iron altar of Okawaru.
  2008 | D:4      | Found a sparkling altar of Nemelex Xobeh.
  2009 | D:4      | Found a hide-covered altar of Uskayaw.
  2010 | D:4      | Found a hazy altar of Hepliaklqana.
  2010 | D:4      | Found a basalt altar of Yredelemnul.
  2031 | D:5      | Entered Level 5 of the Dungeon
  2254 | D:5      | Reached skill level 1 in Armour
  2308 | D:5      | Noticed an ogre
  2335 | D:5      | Noticed an ogre
  2382 | D:4      | Slain by an adder

Illustrated notes

Levels and vault maps discovered:
D:1:      shiori_arrival_maze, layout_loops_ring, hangedman_decor_push
D:2:      layout_basic, dreamdust_ecumenical_altar_hidden_monk_grotto,
          uniq_sigmund, uniq_jessica
D:3:      layout_loops_ring, serial_shops, shop
D:4:      layout_basic, grunt_temple_overflow_open,
          mainiacjoe_overflow_brackets, minmay_temple_entry_mini_moons,
          minmay_ruptured
D:5:      layout_gridville

Skill      XL: |  1  2  3 |
---------------+----------+-----
Spellcasting   | 3 |  3.6
Polearms       | 2 |  2.2
Dodging        | 2 |  2.0
Armour         | 1 |  1.0
Fighting       | |  2.6
Throwing       | |  0.7
Translocations | |  2.4

Action                   || total
-------------------------++-------
Melee: Spear             ||   161
Throw: Boomerang         ||     5
       Dart              ||     1
 Cast: Blink             ||     5
  Use: Scroll            ||     3
 Stab: Sleeping          ||     5
Armor: Leather armour    ||    35
Dodge: Dodged            ||    98
